 Dungeon Crawl Stone Soup version 0.30-b1-2-g02819fbbbe (webtiles) character file.

Game seed: 9536148774049169166

1551 frepo the Cleaver (level 8, -1/64 HPs)
             Began as a Barachi Fighter on July 20, 2023.
             Was a Believer of Makhleb.
             Slain by a wyvern (5 damage)
             ... on level 7 of the Dungeon.
             The game lasted 00:37:42 (5443 turns).

frepo the Cleaver (Barachi Fighter)                 Turns: 5443, Time: 00:37:43

Health: -1/64      AC: 16    Str: 25    XL:     8   Next: 88%
Magic:  8/8        EV:  7    Int:  8    God:    Makhleb [**....]
Gold:   302        SH:  5    Dex: 13    Spells: 7/7 levels left

rFire   . . .        a - +0 war axe
rCold   . . .        c - +0 buckler
rNeg    . . .        v - +0 plate armour
rPois   .            o - +0 helmet
rElec   .            (no cloak)
rCorr   +            C - +0 pair of gloves
SInv    .            J - +0 pair of boots
Will    .....        (no amulet) Stlth
                     h - ring of resist corrosion
HPRegen 0.30/turn    t - +6 ring of strength
MPRegen 0.11/turn

%: no passive effects
@: mighty, about to teleport, slow
A: amphibious, slowness 1, strong legs 1, +LOS
a: Hop, Renounce Religion, Minor Destruction


You were on level 7 of the Dungeon.
You worshipped Makhleb.
Makhleb was pleased with you.
You visited 1 branch of the dungeon, and saw 7 of its levels.

You collected 341 gold pieces.
You spent 39 gold pieces at shops.

Inventory:

Hand Weapons
 a - a +0 war axe (weapon)
 e - a +1 sling of freezing
 f - a +1 mace of protection
 y - a +0 spear
 H - a +0 hand axe of venom
 I - a +0 flail
 O - a +0 war axe
 U - a +4 dagger
Missiles
 j - 31 stones
 A - 14 poisoned darts
 R - 6 javelins
 V - 4 boomerangs
Armour
 b - a +0 scale mail
 c - a +0 buckler (worn)
 l - a +0 robe
 n - a +0 animal skin
 o - a +0 helmet (worn)
 v - a +0 plate armour (worn)
 w - a +1 hat
 C - a +0 pair of gloves (worn)
 J - a +0 pair of boots (worn)
Magical Staves
 D - a staff of earth
Jewellery
 h - a ring of resist corrosion (left hand)
 t - a +6 ring of strength (right hand)
 E - a ring of protection from cold
 N - a ring of flight
Wands
 M - a wand of roots (6)
Scrolls
 g - 3 scrolls of teleportation
 i - 2 scrolls of enchant weapon {unknown}
 k - 2 scrolls of noise {unknown}
 p - 5 scrolls of identify {unknown}
 q - a scroll of summoning {unknown}
 s - a scroll of acquirement {unknown}
 u - a scroll of fear {unknown}
 x - 2 scrolls of magic mapping {unknown}
 K - 2 scrolls of enchant armour {unknown}
 T - a scroll of immolation {unknown}
Potions
 d - 2 potions of might
 m - 2 potions of lignification {unknown}
 r - 2 potions of curing
 z - a potion of heal wounds {unknown}
 B - a potion of flight {unknown}
 F - a potion of haste {unknown}
 G - a potion of cancellation {unknown}
 L - 2 potions of resistance {unknown}
 P - a potion of magic {unknown}
 Q - a potion of brilliance {unknown}
 S - a potion of berserk rage {unknown}


   Skills:
 + Level 6.2 Fighting
 + Level 8.6(8.8) Axes
 + Level 2.1(5.8) Maces & Flails
 + Level 6.0 Armour
 + Level 2.2 Dodging
 + Level 0.3 Stealth
 + Level 5.1 Shields


You had 7 spell levels left.
You didn't know any spells.
Your spell library contained the following spells:

 Spells                   Type           Power      Damage    Failure   Level
 Slow                     Hex            0%         N/A       100%        1
 Confusing Touch          Hex            0%         N/A       100%        3
 Vampiric Draining        Necr           0%         2d6       100%        3


Dungeon Overview and Level Annotations

Branches:
Dungeon (7/15)
 Temple: D:4-7

Altars:
Elyvilon
Makhleb
Sif Muna
Wu Jian
Yredelemnul

Shops:
D:3 (   D:4 *


Innate Abilities, Weirdness & Mutations

You are amphibious.
You cover ground slowly.
You can hop short distances.
You have an extended range of vision and can be seen from far away.


Message History

You feel very mighty all of a sudden.
The orc priest invokes the aid of Beogh against you.
Pain shoots through your body!
* * * LOW HITPOINT WARNING * * *
You feel better.
The orc priest calls down the wrath of Beogh upon you.
You struggle to resist.
You closely miss the orc priest.
The orc priest is severely wounded.
The orc priest looks braver for a moment.
The orc priest mumbles some strange prayers to Beogh against you.
Beogh smites you!
* * * LOW HITPOINT WARNING * * *
You slash the orc priest!
You kill the orc priest!
Makhleb accepts your kill.
You closely miss the wyvern. You block the wyvern's attack. x2
You barely miss the wyvern. You block the wyvern's attack.
You slash the wyvern!
The wyvern is heavily wounded.
The wyvern bites you but does no damage.
The orc priest mumbles some strange prayers to Beogh against you.
Beogh smites you!
* * * LOW HITPOINT WARNING * * *
You block the wyvern's attack.
As you read the scroll labelled FOD SYLOLE, it crumbles to dust.
You feel strangely unstable.
It was a scroll of teleportation.
The wyvern bites you but does no damage.
The wyvern barely misses you.
You slash the wyvern!
The wyvern is severely wounded.
The wyvern barely misses you.
You barely miss the wyvern.
The wyvern is severely wounded.
The wyvern barely misses you.
The wyvern bites you but does no damage.
You barely miss the wyvern.
The wyvern is severely wounded.
The wyvern bites you.
You die...

#..# . ...# ..
#..#
.#.#####..##
...........#
...[.......##..#
#.....)o.....#
.....###l#.###.#
## #.# #@# # #.#
#.# #### #.# #.#
..# #.# #.# #.#
#.# #.# #
##.###.# #.#
####.##...##.#
#.#
.............#
#.#
#####....#####.#


You could see a wyvern and an orc priest.

Vanquished Creatures
  3 water moccasins (D:6)
  2 black bears
  An ogre (D:6)
  A centaur (D:5)
  A bullfrog (D:6)
  A scorpion (D:6)
  3 wights (D:6)
  6 hounds
  2 jellies (D:6)
  An orc priest (D:7)
  3 sleepcaps
  An iguana (D:5)
  An orc wizard (D:5)
  Robin (D:2)
  4 gnolls (D:4)
  2 adders
  A shadow imp (D:6)
  A white imp (D:6)
  3 ufetubi
  2 worms
  2 dart slugs
  7 orcs
  2 bats
  4 endoplasms
  9 giant cockroaches
  6 hobgoblins
  4 jackals
  9 kobolds
  2 quokkas
  5 ball pythons
  7 frilled lizards
  17 goblins
  26 rats
140 creatures vanquished.

Notes
Turn   | Place    | Note
-------+----------+-------------------------------------------
     0 | D:1      | frepo the Barachi Fighter began the quest for the Orb.
     0 | D:1      | Reached XP level 1. HP: 18/18 MP: 1/1
   181 | D:1      | Reached XP level 2. HP: 25/25 MP: 2/2
   576 | D:1      | Reached XP level 3. HP: 26/30 MP: 3/3
  1001 | D:2      | Found a burning altar of Makhleb.
  1017 | D:2      | Became a worshipper of Makhleb the Destroyer
  1047 | D:2      | Reached skill level 1 in Maces & Flails
  1056 | D:2      | Noticed Robin
  1090 | D:2      | Killed Robin
  1171 | D:2      | Reached XP level 4. HP: 37/37 MP: 4/4
  1204 | D:2      | Reached * piety under Makhleb
  1334 | D:2      | Reached skill level 1 in Dodging
  1874 | D:3      | Found an ornate altar of the Wu Jian Council.
  2130 | D:3      | Found Vishuemu's Antique Weapon Shoppe.
  2292 | D:3      | Reached skill level 3 in Axes
  2423 | D:4      | Reached XP level 5. HP: 42/42 MP: 5/5
  2437 | D:4      | Reached ** piety under Makhleb
  2438 | D:4      | Reached skill level 4 in Axes
  2925 | D:4      | Found Uppappaf's General Store.
  2945 | D:4      | Bought a potion of curing for 39 gold pieces
  3159 | D:4      | Reached XP level 6. HP: 49/49 MP: 6/6
  3231 | D:4      | Noticed a black bear
  3239 | D:4      | Killed a black bear
  3240 | D:4      | Reached skill level 5 in Axes
  3585 | D:5      | Entered Level 5 of the Dungeon
  3788 | D:5      | Noticed a black bear
  3795 | D:5      | Killed a black bear
  3796 | D:5      | Reached skill level 6 in Axes
  3796 | D:5      | Reached XP level 7. HP: 42/55 MP: 7/7
  4240 | D:5      | Reached skill level 5 in Armour
  4300 | D:5      | Found a basalt altar of Yredelemnul.
  4300 | D:5      | Found a shimmering blue altar of Sif Muna.
  4432 | D:6      | Reached skill level 5 in Fighting
  4468 | D:6      | Reached skill level 7 in Axes
  4565 | D:6      | Reached XP level 8. HP: 51/62 MP: 8/8
  4616 | D:6      | Found a white marble altar of Elyvilon.
  4875 | D:6      | Reached skill level 8 in Axes
  4939 | D:6      | Reached skill level 5 in Shields
  5430 | D:7      | Noticed a wyvern
  5439 | D:7      | HP: 3/64 [orc priest/divine providence (13)]
  5443 | D:7      | Slain by a wyvern

Illustrated notes

Levels and vault maps discovered:
D:1:      elethiomel_arrival_maze, layout_basic, minmay_heptomino_h4
D:2:      layout_basic, basic_altar, hangedman_decor_points, grunt_decor_cap,
          minmay_rat_hole, uniq_robin
D:3:      layout_basic, mainiacjoe_overflow_alcove_4, serial_shops, shop
D:4:      layout_basic, serial_glass, glass_columns_b, glass_columns_c,
          feat_on_display, serial_shops, nicolae_shop_hallway_plus
D:5:      layout_loops_ring, gammafunk_temple_overflow_statue,
          small_statue_intersection
D:6:      layout_loops_ring, nicolae_overflow_hidden_temple
D:7:      layout_loops_ring, mainiacjoe_overflow_catwalk, lemuel_round_altar,
          minmay_temple_entry_statues_pillars

Skill      XL: |  1  2  3  4  5  6  7  8 |
---------------+-------------------------+-----
Fighting       | 4 5 6 |  6.2
Armour         | 4 5 6 |  6.0
Maces & Flails | 1 2 |  2.1
Dodging        | 1 2 |  2.2
Axes           | 3 4 6 7 8 |  8.6
Shields        | 4 5 |  5.1
Stealth        | |  0.3

Action                     |  1- 3 |  4- 6 |  7- 9 || total
---------------------------+-------+-------+-------++-------
  Melee: War axe           |    14 |   186 |   149 ||   349
         Mace              |   107 |       |       ||   107
Ability: Hop               |     2 |       |       ||     2
    Use: Potion            |       |       |     4 ||     4
         Scroll            |       |       |     1 ||     1
 Armour: Scale mail        |    69 |     9 |       ||    78
         Plate armour      |       |   105 |   107 ||   212
  Dodge: Dodged            |    61 |    77 |    61 ||   199
  Block: Buckler           |    41 |    46 |    38 ||   125
